[Event "CCT Airthings Masters Play-In 2023"]
[Site "Online"]
[Date "2023.02.03"]
[Round "1"]
[White "jcibarra"]
[Black "VitaliyBernadskiy"]
[Result "*"]
[ECO "C47"]
[WhiteElo "2590"]
[BlackElo "2372"]
[Annotator "TA"]
[PlyCount "36"]
[EventDate "2023.02.03"]
[EventType "swiss"]
[EventCountry "NET"]
[SourceTitle "playchess.com"]
[Source "ChessBase"]
[SourceQuality "1"]
[TimeControl "600+2"]

1. e4 e5 2. Nf3 Nc6 3. Nc3 Nf6 4. h3 Bc5 5. Nxe5 Nxe5 6. d4 {[%emt 0:00:03] C47: Scotch Four Knights and Four Knights with 4 g3.} Bd6 7. dxe5 Bxe5 8. Bd3 {[%emt 0:00:01] The position is equal.} O-O 9. O-O Re8 10. Re1 d6 11. f4 Bd4+ 12. Kf1 {[%emt 0:00:01] [#] A rather calm draw.   Weighted Error Value: White=0.09 (flawless) /Black=0.01 (flawless)} {Predecessor:} Bd7 $146 13. Ne2 Bb6 14. Ng3 Ng4 15. hxg4 Qh4 16. f5 Qxg3 17. Qf3 Qe5 18. c3 Bc6 {1-0 Van Gool,H (2180)-Monteban,M (2234) Amsterdam ACT op 1st 2004 (3)} *

[Event "CCT Airthings Masters Play-In 2023"]
[Site "Online"]
[Date "2023.02.03"]
[Round "1"]
[White "shimastream"]
[Black "SalgadoChess91"]
[Result "*"]
[ECO "C13"]
[WhiteElo "2587"]
[BlackElo "2344"]
[Annotator "NA"]
[PlyCount "36"]
[EventDate "2023.02.03"]
[EventType "swiss"]
[EventCountry "NET"]
[SourceTitle "playchess.com"]
[Source "ChessBase"]
[SourceQuality "1"]
[TimeControl "600+2"]

1. e4 e6 2. d4 d5 3. Nc3 Nf6 4. Bg5 dxe4 5. Nxe4 Be7 6. Nxf6+ Bxf6 7. Bxf6 Qxf6 8. Nf3 O-O 9. Qd3 Rd8 10. O-O-O c5 11. Qe4 Nc6 12. Bd3 Qh6+ 13. Kb1 cxd4 14. h4 Bd7 15. g4 Qg6 16. Qe2 Qxg4 17. Bxh7+ Kf8 18. Rhg1 Qf4 *

[Event "CCT Airthings Masters Play-In 2023"]
[Site "Online"]
[Date "2023.02.03"]
[Round "1"]
[White "Cayse"]
[Black "hissha"]
[Result "*"]
[ECO "C42"]
[WhiteElo "2583"]
[BlackElo "2292"]
[Annotator "TA"]
[PlyCount "39"]
[EventDate "2023.02.03"]
[EventType "swiss"]
[EventCountry "NET"]
[SourceTitle "playchess.com"]
[Source "ChessBase"]
[SourceQuality "1"]
[TimeControl "600+2"]

1. e4 e5 2. Nf3 Nf6 3. Nc3 Bb4 4. Nxe5 O-O 5. Be2 Re8 6. Nd3 Bxc3 7. dxc3 Nxe4 8. O-O d6 {[%emt 0:00:05] C42: Petroff Defence: 3 Nxe5 and unusual White 3rd moves.} 9. f3 Nf6 10. Bg5 h6 {[%emt 0:00:11] White has an edge.} 11. Bh4 Nbd7 12. Qd2 Nf8 13. Rfe1 Ng6 14. Bf2 b6 {[%emt 0:00:39] [#]} 15. Bf1 $146 ({Predecessor:} 15. Nf4 Ne5 16. c4 a5 17. Nd5 Nxd5 18. cxd5 Ba6 19. Bxa6 Rxa6 20. Re4 Ng6 21. Rae1 Rxe4 22. Rxe4 {½-½ Veinger,I-Pokrovsky,N URS-chT corr 1973}) 15... Bb7 16. c4 {[%emt 0:00:02] The position is equal.} Qd7 17. b3 Rxe1 18. Rxe1 Re8 19. Bd4 Rxe1 20. Qxe1 {[%emt 0:00:03] Weighted Error Value: White=0.04 (flawless) /Black=0.04 (flawless)} *

[Event "CCT Airthings Masters Play-In 2023"]
[Site "Online"]
[Date "2023.02.03"]
[Round "1"]
[White "Antipov_Mikhail_Al"]
[Black "Rodalquilar"]
[Result "*"]
[ECO "C54"]
[WhiteElo "2576"]
[BlackElo "2271"]
[Annotator "TA"]
[PlyCount "38"]
[EventDate "2023.02.03"]
[EventType "swiss"]
[EventCountry "NET"]
[SourceTitle "playchess.com"]
[Source "ChessBase"]
[SourceQuality "1"]
[TimeControl "600+2"]

1. e4 e5 2. Nf3 Nc6 3. Bc4 Bc5 4. d3 Nf6 5. Nbd2 d6 6. O-O O-O 7. c3 a5 {[%emt 0:00:02] C54: Giuoco Piano: 4 c3 Nf6, main lines with 5 d4 and 5 d3.} 8. h3 h6 9. Bb3 Be6 {[%emt 0:00:16] The position is equal.} 10. Ba4 {[%emt 0:00:01] [#]} Nd7 $146 ({Predecessor:} 10... Ba7 11. Re1 Ne7 12. Nf1 Ng6 13. d4 c6 14. Ng3 Re8 15. Bc2 b5 16. Be3 Qc7 {1-0 Onischuk,V (2603)-Martirosyan,H (2656) Lindores Abbey Blitz Tal Memorial 2021 (12.2)}) 11. Nb3 Bb6 12. d4 {[%emt 0:00:02] [#] d5 would be deadly.} Bc4 13. Re1 f5 14. exf5 Rxf5 15. Be3 Rf8 16. Nbd2 Bf7 17. Bxc6 bxc6 18. dxe5 dxe5 19. Bxb6 cxb6 {[%emt 0:00:00] Weighted Error Value: White=0.04 (flawless) /Black=0.11 (very precise)} *

[Event "CCT Airthings Masters Play-In 2023"]
[Site "Online"]
[Date "2023.02.03"]
[Round "1"]
[White "platy3"]
[Black "SharapovEvgeny"]
[Result "*"]
[ECO "B63"]
[WhiteElo "2572"]
[BlackElo "2130"]
[Annotator "TA"]
[PlyCount "44"]
[EventDate "2023.02.03"]
[EventType "swiss"]
[EventCountry "NET"]
[SourceTitle "playchess.com"]
[Source "ChessBase"]
[SourceQuality "1"]
[TimeControl "600+2"]

1. e4 {[%emt 0:00:04] Gofshtein,Leonid D} c5 2. Nf3 d6 3. d4 cxd4 4. Nxd4 Nf6 5. Nc3 Nc6 6. Bg5 e6 7. Qd2 Be7 8. O-O-O O-O 9. h4 Nxd4 10. Qxd4 Qa5 11. f3 a6 12. Bd2 {[%emt 0:00:12][%cal Oc3d5] Strongly threatening Nd5! B63: Sicilian: Richter-Rauzer: 7...Be7 and unusual Black 7th moves.} Qc5 {[%emt 0:00:06] Repels Nd5} 13. Qxc5 dxc5 {[%emt 0:00:03] [#]} 14. e5 $146 {[%emt 0:00:35] White is slightly better.} ({Predecessor:} 14. h5 h6 15. a4 b6 16. Bf4 Rd8 17. Bd3 b5 18. axb5 axb5 19. Bxb5 Ra1+ 20. Nb1 Rxd1+ 21. Rxd1 Nxh5 {1-0 Smirin,I (2677)-Gershon,A (2502) EU-ch 1st Saint Vincent 2000 (6)}) 14... Nd5 15. Nxd5 exd5 16. Bg5 Bxg5+ 17. hxg5 Be6 18. Bd3 g6 19. Rh6 Kg7 $1 {[%emt 0:00:03] Black is weak on the dark squares} 20. Rdh1 Rh8 21. c3 Rad8 22. R1h4 d4 {[%emt 0:00:16] Weighted Error Value: White=0.10 (very precise) /Black=0.10 (very precise)} *

[Event "CCT Airthings Masters Play-In 2023"]
[Site "Online"]
[Date "2023.02.03"]
[Round "1"]
[White "attack2mateU"]
[Black "Duda, Jan-Krzysztof"]
[Result "*"]
[ECO "B90"]
[WhiteElo "2566"]
[BlackElo "2729"]
[Annotator "TA"]
[PlyCount "30"]
[EventDate "2023.02.03"]
[EventType "swiss"]
[EventCountry "NET"]
[SourceTitle "playchess.com"]
[Source "ChessBase"]
[SourceQuality "1"]
[TimeControl "600+2"]

1. e4 c5 2. Nf3 d6 3. d4 cxd4 4. Nxd4 Nf6 5. Nc3 a6 6. Rg1 (6. Bg5 {is more appropriate.}) 6... h5 {[%emt 0:00:06] B90: Sicilian Najdorf: Unusual White 6th moves, 6 Be3 Ng4 and 6 Be3 e5.} 7. h3 Nc6 8. Be3 e5 {[%emt 0:00:41] White is slightly better.} 9. Nb3 Be6 {[%emt 0:00:03] [#]} 10. Qf3 $5 $146 {[%emt 0:00:00][%mdl 8] An interesting novelty.} ({Predecessor:} 10. Qd2 b5 11. O-O-O Na5 12. Nd5 Nxb3+ 13. axb3 Bxd5 14. exd5 Qc7 15. f4 Nd7 16. g4 hxg4 17. Rxg4 {1-0 Owoc,J (1756)-Siekanska,M (1964) Warsaw Najdorf Memorial op-A 2022 (4)}) 10... Rc8 11. O-O-O Nd7 (11... Na5 $11 {keeps the balance.}) 12. g4 $16 h4 13. g5 {[%emt 0:00:36] White has more active pieces.} g6 14. Kb1 Na5 (14... Nb4 $14) 15. Nd5 Nc4 {[%emt 0:00:11] Weighted Error Value: White=0.13 (very precise) /Black=0.26 (precise)} *

[Event "CCT Airthings Masters Play-In 2023"]
[Site "Online"]
[Date "2023.02.03"]
[Round "1"]
[White "xxysoul6"]
[Black "LevonAronian"]
[Result "*"]
[ECO "D02"]
[WhiteElo "2562"]
[BlackElo "2790"]
[Annotator "TA"]
[PlyCount "31"]
[EventDate "2023.02.03"]
[EventType "swiss"]
[EventCountry "NET"]
[SourceTitle "playchess.com"]
[Source "ChessBase"]
[SourceQuality "1"]
[TimeControl "600+2"]

1. d4 d5 2. Nf3 Nf6 3. Bf4 c5 4. e3 Nc6 5. c3 Qb6 6. Qc2 Nh5 {[%emt 0:00:13] D02: 1 d4 d5 2 Nf3 sidelines, including 2...Nf6 3 g3 and 2...Nf6 3 Bf4.} 7. Bg5 h6 8. Bh4 g5 {[%emt 0:00:06] [#] And now ...cxd4 would win. Black is slightly better.} 9. Bg3 {[%emt 0:00:01] [#]} cxd4 $146 ({Predecessor:} 9... Nxg3 10. hxg3 Bg7 11. Nbd2 Bd7 12. dxc5 Qxc5 13. Bd3 O-O-O 14. a4 Kb8 15. a5 Rc8 {½-½ Garcia Palermo,C (2426)-Vocaturo,D (2610) ITA-chT T9 51st 2019 (1.1)}) 10. exd4 Bg4 11. Nbd2 e6 12. Bd3 Be7 (12... Bg7 $11) 13. Qb3 (13. Ne5 $14 Nxe5 14. Bxe5) 13... Bf5 $11 14. Be2 f6 15. Qxb6 axb6 16. Bc7 {[%emt 0:00:01] Weighted Error Value: White=0.14 (very precise) /Black=0.19 (very precise)} *

[Event "CCT Airthings Masters Play-In 2023"]
[Site "Online"]
[Date "2023.02.03"]
[Round "1"]
[White "Arseniy_Nesterov"]
[Black "Zkid"]
[Result "*"]
[ECO "A90"]
[WhiteElo "2558"]
[BlackElo "2722"]
[Annotator "TA"]
[PlyCount "25"]
[EventDate "2023.02.03"]
[EventType "swiss"]
[EventCountry "NET"]
[SourceTitle "playchess.com"]
[Source "ChessBase"]
[SourceQuality "1"]
[TimeControl "600+2"]

1. d4 e6 2. c4 f5 3. Nf3 Nf6 4. g3 d5 5. Bg2 Bd6 6. O-O c6 7. Nbd2 Nbd7 8. Ne1 {[%emt 0:00:03] A90: Dutch Defence: Miscellaneous and Modern Stonewall (with ...Bd6).} O-O 9. Nd3 b6 10. b4 a5 {[%emt 0:01:17] The position is equal.} 11. b5 cxb5 {[%emt 0:00:44] [#]} 12. cxb5 $146 ({Predecessor:} 12. cxd5 exd5 13. Qb3 Kh8 14. Qxb5 Ba6 15. Qb2 Re8 16. Nf3 Qe7 17. Re1 Ne4 18. a4 {0-1 Slipak,S (2452)-Claverie,R (2374) ARG-ch sf 84th 2009 (7)}) 12... Ne4 13. Nxe4 {[%emt 0:01:03] Not much happened in this game.   Weighted Error Value: White=0.07 (flawless) /Black=0.00 (flawless)} *

[Event "CCT Airthings Masters Play-In 2023"]
[Site "Online"]
[Date "2023.02.03"]
[Round "1"]
[White "Indianlad"]
[Black "GHANDEEVAM"]
[Result "1/2-1/2"]
[ECO "D46"]
[WhiteElo "2543"]
[BlackElo "2714"]
[Annotator "TA"]
[PlyCount "103"]
[EventDate "2023.02.03"]
[EventType "swiss"]
[EventCountry "NET"]
[SourceTitle "playchess.com"]
[Source "ChessBase"]
[SourceQuality "1"]
[TimeControl "600+2"]

1. d4 d5 2. Nf3 Nf6 3. c4 e6 4. Nc3 c6 5. e3 Nbd7 6. Be2 Bd6 7. O-O O-O 8. Qc2 dxc4 9. a4 a6 10. Bxc4 c5 11. Rd1 Qc7 $1 {[%emt 0:00:02][%mdl 4] outshines the older 11...cxd4. D46: Semi-Slav: 5 e3 Nbd7 6 Bd3, Black avoids the Meran.} 12. Bd3 cxd4 13. exd4 b6 14. Qe2 $1 Bb7 15. h3 {[%emt 0:00:00] [#]} Qc6 $146 ({Predecessor:} 15... Bf4 16. Be3 Bxe3 17. fxe3 e5 18. Rac1 exd4 19. exd4 Rfe8 20. Qf2 Qd6 21. Bc4 Rac8 {1-0 Gavrilov,A (2456)-Yagupov,I (2405) Olomouc GM 19th 2016 (3)}) 16. Be3 Bc7 17. Rac1 {[%emt 0:00:11][%cal Oc3e4] [#] And now Ne4! would win.} Qd6 18. Bg5 h6 19. Bxf6 (19. Bh4 $5 Bxf3 20. Qxf3 Qh2+ 21. Kf1 $11) 19... Bxf3 (19... gxf6 $2 20. Ne4 Bxe4 21. Bxe4 $18 (21. Qxe4 f5 $16)) 20. Qxf3 Qh2+ (20... gxf6 $2 21. g3 (21. Qe4 f5 $11) 21... f5 22. Qe2 $16) 21. Kf1 Nxf6 22. Ne4 Nd5 23. Ng3 {[%emt 0:00:50] Strongly threatening Ke2.} Bf4 24. Rb1 {[%emt 0:00:43] White is weak on the dark squares} (24. Ke2 $11 Bxc1 25. Rxc1) 24... f5 25. Ke2 Bxg3 26. fxg3 {[%emt 0:00:01] [#] Hoping for Rh1.} f4 $1 27. g4 Rad8 28. Be4 Nf6 {[%emt 0:00:12] aiming for ...Nxe4.} ({Much less strong is} 28... Ne3 29. Rh1 Qxg2+ 30. Qxg2 $16) 29. Bc6 Rd6 30. Rbc1 Rfd8 31. Qf2 h5 32. g5 Rxc6 33. gxf6 (33. Rxc6 $5 Ne4 $8 34. Qf3 Nxg5 35. Qf2 $11 (35. Qxh5 Qxg2+ 36. Kd3 Qxc6 37. Qg4 Rc8 38. Qxf4 Qc2+ 39. Ke3 Qxd1 40. Qg4 Qc1+ 41. Kd3 Qxb2 42. Ke3 Rc3+ {[%mdl 64] Skewer} 43. Kf4 Qf2+ 44. Ke5 Qf6+ 45. Kd6 Qd8+ 46. Ke5 Qc7#)) 33... Rdc8 34. Rxc6 (34. f7+ {seems wilder.} Kf8 35. Rxc6 Rxc6 36. Kd3) 34... Rxc6 35. fxg7 Kxg7 $11 {[%emt 0:00:16][%mdl 4096] Endgame KQR-KQR} (35... Rc7 $11) 36. d5 ({White should play} 36. Kd3 $16) 36... Rc2+ {[%emt 0:00:08] The position is equal.} 37. Rd2 Rxd2+ 38. Kxd2 exd5 {[%emt 0:00:00] KQ-KQ} 39. Qd4+ (39. Qxb6 Qxg2+ 40. Ke1 Qxh3 41. Qd4+ Kg6 42. Qxf4 Qf5 43. Qd6+ Kg5 $17) 39... Kg6 40. Qxd5 Qg3 41. Qe6+ Kh7 42. Qf7+ Kh6 43. Qf8+ Kh7 44. Qe7+ Kh6 45. Qd6+ Kg5 46. Qe7+ Kf5 47. Qd7+ Ke5 48. Qe7+ Kd5 49. Qd7+ Kc4 50. Qe6+ Kc5 51. Qe7+ Kd5 52. Qd7+ {[%emt 0:00:01] An even fight not without its subleties.   Weighted Error Value: White=0.08 (flawless) /Black=0.08 (flawless)} 1/2-1/2

[Event "CCT Airthings Masters Play-In 2023"]
[Site "Online"]
[Date "2023.02.03"]
[Round "1"]
[White "vugarrasulov"]
[Black "FabianoCaruana"]
[Result "0-1"]
[ECO "B22"]
[WhiteElo "2538"]
[BlackElo "2702"]
[Annotator "TA"]
[PlyCount "98"]
[EventDate "2023.02.03"]
[EventType "swiss"]
[EventCountry "NET"]
[SourceTitle "playchess.com"]
[Source "ChessBase"]
[SourceQuality "1"]
[TimeControl "600+2"]

1. e4 c5 2. Nf3 Nc6 3. c3 Nf6 4. e5 Nd5 5. d4 cxd4 6. cxd4 d6 7. Bc4 dxe5 8. dxe5 Ndb4 9. O-O {[%emt 0:00:17] seems to push 9.Qb3 aside. B22: Sicilian: 2 c3.} Qxd1 10. Rxd1 Bg4 {[%emt 0:00:01] [#]} (10... Nc2 11. Na3 Nxa3 12. bxa3 $14) 11. e6 $1 {[%emt 0:00:50] The position is equal.} fxe6 {[%emt 0:00:49] Threatens to win with ...Nc2.} 12. Nc3 {[%emt 0:00:12][%cal Bb1c3,Bc3e4,Be4c5][%mdl 32] [#]} a6 $146 ({Predecessor:} 12... Rc8 13. h3 Bxf3 14. gxf3 Kf7 15. Ne4 h6 16. Nc5 Nd4 17. Rxd4 Rxc5 18. Rf4+ Ke8 19. Bxe6 {1-0 Vajda,L (2534)-Ioannidis,E (2459) Titled Tuesday intern op 24th May Early blitz 2022 (2)}) 13. a3 Nc2 14. Ra2 g6 15. Ne4 b5 16. Be2 Bg7 (16... Bf5 $5 17. Nc5 Bg7 $11) 17. Nc5 {[%emt 0:00:20] And now b3 would win.} Rc8 18. b4 Bxf3 (18... N6xb4 $15 19. axb4 Nxb4 20. Rxa6 (20. Nxa6 $2 Nxa2 21. Bxb5+ Kf8 $19) 20... Rxc5) 19. Bxf3 $11 (19. Rxc2 {simplifies} Bxe2 20. Rxe2 e5 21. Ree1) 19... N2d4 20. Bg4 Kf7 21. Rad2 (21. Nxa6 Ne5 22. Bh3 Rhd8 $15) 21... Nf5 22. Nxa6 Ne5 23. Be2 (23. Bxf5 $1 $11 exf5 24. Bb2) 23... Bh6 $15 24. Bb2 Bxd2 25. Bxe5 {[%emt 0:00:37] A strong pair of Bishops.} Rhd8 {[%emt 0:00:03] Strongly threatening ...Rd5.} 26. Bxb5 $2 ({White should try} 26. g4 $15 Nh4 27. Bc7 (27. Bxb5 $2 {loses.} Nf3+ 28. Kg2 Nxe5 $19)) 26... Rd5 $2 (26... Bf4 $19 27. Rf1 (27. Rxd8 {gets mated.} Rc1+ 28. Bf1 Ne3) 27... Bxe5) 27. Nc5 $17 Rxe5 28. Rxd2 Re1+ 29. Bf1 Ra1 $1 30. a4 (30. g4 $17 Nd6 31. Rd3) 30... Rb1 $19 31. Nd3 Rc3 $1 {[%emt 0:00:09] Hoping for ...Nd6.} 32. g3 Ra3 $1 {[%emt 0:00:01][%cal Oa3a1] ...Raa1! would be deadly.} 33. Kg2 Rxa4 34. Be2 Kf6 35. h4 Nd6 36. Bg4 h5 37. Bxe6 {[%emt 0:00:03] [#]} Raa1 $1 ({Weaker is} 37... Kxe6 38. Nc5+ Kf5 39. Rd5+ e5 40. Nxa4 Rxb4 41. Rxd6 $11) 38. Bd5 e5 (38... Rd1 $19 39. Rxd1 Rxd1) 39. Nc5 {[%emt 0:00:03] [#]} (39. Kf3 $17 {is a better defense.}) 39... Rg1+ ({Black should play} 39... Rd1 $1 $19 40. Rxd1 Rxd1) 40. Kh2 (40. Kf3 $17 {was necessary.}) 40... Rgd1 41. Rxd1 Rxd1 {[%emt 0:00:00][%mdl 4096] Endgame KRN-KBN} 42. Bb3 (42. Ne4+ $142 Nxe4 43. Bxe4) 42... Rd2 43. Kg2 e4 {[%emt 0:00:02] White must now prevent ...e3.} 44. Kf1 Rb2 45. Ke1 Ke5 46. Bg8 $2 (46. Kf1) 46... Rxb4 {[%emt 0:00:10] Black is clearly winning.} 47. Bh7 Kf6 48. Bg8 Rb5 49. Nd7+ Ke7 {[%emt 0:00:01][%mdl 64] Trapped Piece.   Weighted Error Value: White=0.50/Black=0.30} 0-1

[Event "CCT Airthings Masters Play-In 2023"]
[Site "Online"]
[Date "2023.02.03"]
[Round "1"]
[White "KantorGergely"]
[Black "Lazavik, Denis"]
[Result "0-1"]
[ECO "E11"]
[WhiteElo "2535"]
[BlackElo "2541"]
[Annotator "TA"]
[PlyCount "98"]
[EventDate "2023.02.03"]
[EventType "swiss"]
[EventCountry "NET"]
[SourceTitle "playchess.com"]
[Source "ChessBase"]
[SourceQuality "1"]
[TimeControl "600+2"]

1. d4 Nf6 2. c4 e6 3. Nf3 d5 4. g3 Bb4+ 5. Bd2 a5 6. Bg2 O-O 7. Qc2 c5 {[%emt 0:00:01] E11: Bogo-Indian.} 8. O-O cxd4 9. Nxd4 Nc6 {[%emt 0:00:02] The position is equal.} 10. Nxc6 bxc6 {[%emt 0:00:00] [#]} 11. Nc3 $146 ({Predecessor:} 11. a3 Bxd2 12. Nxd2 Ba6 13. Rfc1 Qb6 14. e3 Rab8 15. Rab1 h5 16. b4 axb4 17. axb4 {1-0 Harshavardhan,G (2367)-Zia,T (2307) Titled Tuesday intern op 03rd May Early blitz 2022 (7)}) 11... Ba6 12. b3 Qe7 13. a3 Bxa3 $15 14. Na4 Bb4 15. Nb6 (15. Nb2 $15) 15... Rab8 $17 16. Bxb4 {[%emt 0:00:05][%mdl 64] Remove Defender} Qxb4 17. c5 {[%emt 0:00:01] [#]} Bb5 {[%emt 0:00:17] Dodges Ra4} 18. Ra2 d4 19. Rfa1 Rbd8 20. Rxa5 d3 21. exd3 Bxd3 22. Qb2 Bb5 {[%emt 0:00:05] Hoping for ...Rd2.} 23. R5a2 (23. Qa3 $15 Qd4 24. Bf3) 23... Qxc5 24. Na4 Qb4 {[%emt 0:00:11] Black has more active pieces.} 25. Qc3 {[%emt 0:00:00] Inhibits Rd3.} Qg4 {[%emt 0:00:09] [#] And now ...Rd1+ would win.} 26. h3 Qf5 27. Nc5 h5 28. b4 (28. h4 $142) 28... Rd6 ({Black should play} 28... h4 29. Qe1 Rfe8) 29. Ra8 Rxa8 30. Rxa8+ Kh7 {[%emt 0:00:01] ( -> ...Rd1+)} 31. Ra1 {[%emt 0:00:07] Prevents Rd1+} g6 32. Bf3 e5 33. Re1 Rd4 (33... Qxh3 $2 34. Qxe5 Qf5 35. Qxd6 $18) 34. Qe3 (34. Bg2 $17) 34... Rxb4 $19 ({Don't take} 34... Qxh3 35. Qxe5 $16) 35. Bg2 Rb1 36. Rxb1 (36. Nb7 $142) 36... Qxb1+ 37. Kh2 Qf5 38. Nb7 Qe6 {[%emt 0:00:11] Inhibits Nd6.} 39. Nd8 $2 {[%emt 0:00:05] White does not recover from this.} (39. Qa3 $17) 39... Qd7 40. Qb6 e4 41. Nb7 Nd5 42. Qa7 Qe7 43. Qb8 e3 44. fxe3 Nxe3 45. Nd6 Nxg2 46. Kxg2 Qe2+ 47. Kg1 Qf1+ 48. Kh2 Qf2+ 49. Kh1 Be2 {[%emt 0:00:01] Weighted Error Value: White=0.41/Black=0.07 (flawless)} 0-1

[Event "CCT Airthings Masters Play-In 2023"]
[Site "Online"]
[Date "2023.02.03"]
[Round "1"]
[White "Beca95"]
[Black "Sadhwani, Raunak"]
[Result "1/2-1/2"]
[ECO "E33"]
[WhiteElo "2528"]
[BlackElo "2627"]
[Annotator "NA"]
[PlyCount "138"]
[EventDate "2023.02.03"]
[EventType "swiss"]
[EventCountry "NET"]
[SourceTitle "playchess.com"]
[Source "ChessBase"]
[SourceQuality "1"]
[TimeControl "600+2"]

1. d4 Nf6 2. c4 e6 3. Nc3 Bb4 4. Qc2 Nc6 5. e3 O-O 6. Nge2 e5 7. d5 Nb8 8. a3 Bxc3+ 9. Nxc3 a5 10. e4 Na6 11. Be2 d6 12. Rb1 c6 13. O-O Bd7 14. b4 axb4 15. axb4 cxd5 16. cxd5 Rc8 17. Bd2 Bg4 18. Bd3 Nh5 19. Be3 Nf4 20. f3 Nxd3 21. Qxd3 Bd7 22. Rfc1 Qe7 23. Rc2 h6 24. Ra2 f5 25. exf5 Bxf5 26. Ne4 Qc7 27. Rbb2 Ra8 28. Ra3 Bxe4 29. fxe4 Rac8 30. h3 Qc4 31. Qb1 Nc7 32. Rc2 Qxe4 33. Qc1 Rf7 34. Kh2 Kh7 35. Rc4 Qf5 36. Rac3 Nxd5 37. Rxc8 Nxc3 38. Rxc3 d5 39. Rc5 Qe4 40. Qd2 d4 41. Bf2 Rf5 42. Bg3 Rg5 43. h4 Rf5 44. Qe1 Qxe1 45. Bxe1 Kg6 46. Rb5 e4 47. Rb6+ Rf6 48. Rxb7 Rf1 49. Bg3 e3 50. Rd7 Rd1 51. Be5 e2 52. g4 Rh1+ 53. Kg2 Rg1+ 54. Kf3 Rxg4 55. Kxe2 Re4+ 56. Kd3 Rxe5 57. Rxd4 Kh5 58. Kc4 g5 59. hxg5 hxg5 60. b5 Re8 61. b6 g4 62. Kb5 g3 63. b7 g2 64. Rd1 Kg4 65. Kb6 Rb8 66. Kc7 Rxb7+ 67. Kxb7 Kf3 68. Rg1 Kf2 69. Rxg2+ Kxg2 1/2-1/2

[Event "CCT Airthings Masters Play-In 2023"]
[Site "Online"]
[Date "2023.02.03"]
[Round "1"]
[White "promen"]
[Black "Vidit, Santosh Gujrathi"]
[Result "1/2-1/2"]
[ECO "D02"]
[WhiteElo "2526"]
[BlackElo "2730"]
[Annotator "TA"]
[PlyCount "175"]
[EventDate "2023.02.03"]
[EventType "swiss"]
[EventCountry "NET"]
[SourceTitle "playchess.com"]
[Source "ChessBase"]
[SourceQuality "1"]
[TimeControl "600+2"]

1. Nf3 d5 2. g3 g6 3. Bg2 Bg7 4. d4 Nf6 5. O-O O-O 6. c3 c6 7. a4 {[%emt 0:00:05] D02: 1 d4 d5 2 Nf3 sidelines, including 2...Nf6 3 g3 and 2...Nf6 3 Bf4.} a5 8. Nbd2 Re8 9. Re1 Bf5 10. Nh4 {[%emt 0:00:04] [#]} Bg4 $146 ({Predecessor:} 10... Be6 11. e4 dxe4 12. Nxe4 Nxe4 13. Bxe4 Bd5 14. Bxd5 Qxd5 15. Ng2 Nd7 16. Ne3 Qd6 17. Nc4 Qd5 18. Ne3 Qd6 19. Nc4 Qd5 20. Ne3 Qd6 21. Nc4 {½-½ Gabrielian,A (2576)-Panarin,M (2558) RUS-chT2 Sochi 2015 (5.5)}) 11. h3 Be6 12. Nhf3 h6 {[%emt 0:00:14] Wards off Ng5} 13. Ne5 Nbd7 14. Nd3 Bf5 15. g4 Bxd3 16. exd3 e5 17. dxe5 Nxe5 18. Nb3 Ned7 19. Be3 Qc7 20. Qd2 Kh7 21. Re2 Re7 22. Rae1 Rae8 23. Bd4 Rxe2 24. Rxe2 Rxe2 25. Qxe2 Bf8 26. Qf3 Bg7 27. Be3 Bf8 28. Bd4 Be7 ({Black should play} 28... Bg7 $11) 29. h4 (29. c4 $14) 29... Kg8 $1 $11 ({Don't play} 29... Ne5 30. Qf4 Nfd7 31. Qg3 $16) 30. Bh3 Nh7 31. Qg3 Qd8 (31... Bd6 {feels hotter.} 32. Qe3 g5 33. Qe8+ Nhf8) 32. h5 Ng5 33. hxg6 fxg6 34. Bg2 Ne6 35. Qe3 Nxd4 36. Nxd4 Bg5 37. f4 Qe7 38. Qxe7 Bxe7 {[%emt 0:00:00][%mdl 4096] Endgame KBN-KBN} 39. Ne6 (39. Nb3 $1 $11 {and White has nothing to worry.}) 39... Kf7 $19 40. f5 Ne5 41. Nf4 gxf5 (41... Nxg4 42. fxg6+ Kg7 43. Bh3 $15) 42. gxf5 Bg5 43. d4 Nc4 (43... Bxf4 $142 44. dxe5 Bxe5) 44. Nd3 $17 Kf6 45. Bh3 Bh4 (45... h5 $17) 46. Kg2 Ne3+ 47. Kf3 Nxf5 48. Nc5 Nd6 49. Nd7+ Ke7 50. Ne5 {[%emt 0:00:01] [#] Threatens to win with Ng6+.} Bg5 51. Nd3 Nc4 52. Bc8 (52. Ke2 $142) 52... b6 53. Bf5 (53. Ke2 $142) 53... Kd6 ({Better is} 53... b5 54. axb5 cxb5) 54. Ke2 c5 55. b3 (55. dxc5+ $15 bxc5 56. b4) 55... Ne3 56. dxc5+ bxc5 57. Bg6 c4 58. bxc4 Nxc4 59. Be8 (59. Nf2 $17 {was worth a try.}) 59... Bf6 $19 60. Nf4 Bxc3 (60... Be5 $19 61. Ng2 Bxc3) 61. Bf7 $2 (61. Kd3 $1 $15 Ke5 62. Nxd5 (62. Ng6+ Kf6 $17)) 61... Nb6 62. Be8 Be5 63. Nd3 Bf6 64. Kf3 Nc4 65. Kf4 Bg5+ 66. Kf5 Ne3+ 67. Kg6 d4 68. Bb5 (68. Bf7 $17) 68... Kd5 69. Kh5 Ke4 70. Nc5+ Kd5 $2 (70... Ke5 $19 {...Nd1 would be deadly.} 71. Nb7 Nd5) 71. Nb7 $2 (71. Nd3 $11) 71... Nc4 72. Bxc4+ Kxc4 73. Nxa5+ {[%emt 0:00:00] KB-KN} Kc3 74. Nb7 Kb4 75. Nd6 d3 $2 ({Black should try} 75... Kxa4 $19 76. Nc4 Kb3) 76. Ne4 $11 {[%emt 0:00:03] The position is equal.} Ka5 77. Kg4 Be7 78. Kf3 Kxa4 {[%emt 0:00:01] [#] Strongly threatening ...Kb3.} 79. Ke3 Kb3 80. Kxd3 h5 81. Ke2 h4 82. Kf3 Kc4 83. Nf2 Kd5 84. Nh3 Ke6 85. Kg2 Kf5 86. Ng1 Bf6 87. Nf3 Kg4 88. Nxh4 {[%emt 0:00:01] And White is the lucky defender.   Weighted Error Value: White=0.18 (very precise) /Black=0.14 (very precise)} 1/2-1/2